 Dungeon Crawl Stone Soup version 0.29.1-1-gd02db6906a (webtiles) character file.

Game seed: 14941798899488669494

347 xian the Chucker (level 6, -14/87 HPs)
             Began as a Troll Brigand on Sept 24, 2022.
             Was an Initiate of Gozag.
             Demolished by an ogre
             ... wielding a +0 giant spiked club
              (29 damage)
             ... on level 5 of the Dungeon.
             The game lasted 00:08:03 (3392 turns).

xian the Chucker (Troll Brigand)                    Turns: 3392, Time: 00:08:04

Health: -14/87     AC: 23    Str: 22    XL:     6   Next: 32%
Magic:  14/14      EV:  1    Int:  7    God:    Gozag
Gold:   638        SH:  0    Dex: 11    Spells: 5/5 levels left

rFire   . . .      SeeInvis .   a - +2 dagger
rCold   . . .      Faith    .   (no shield)
rNeg    . . .      Spirit   .   (body armour currently unavailable)
rPois   +          Reflect  .   (helmet currently unavailable)
rElec   .          Harm     .   (cloak currently unavailable)
rCorr   .          Rampage  .   (gloves unavailable)
Will    .....      NoTele   +   (boots unavailable)
Stlth   ++........              z - amulet of magic regeneration
HPRegen 1.04/turn               y - ring of magical power
MPRegen 0.54/turn               (no ring)

@: tree-form, gold aura
A: stationary, stasis, torment immunity, boosted hp, large, unfitting armour,
(claws 3), regeneration 1, (shaggy fur 1), (tough skin 1)
a: Renounce Religion, Potion Petition, Call Merchant, Bribe Branch


You were on level 5 of the Dungeon.
You worshipped Gozag.
Gozag was pleased with you.
You were a tree.
You visited 1 branch of the dungeon, and saw 5 of its levels.

You collected 638 gold pieces.

Inventory:

Hand Weapons
 a - a +2 dagger (weapon)
Missiles
 d - 14 poisoned darts (quivered)
 e - 3 curare-tipped darts
 f - 5 stones
 o - 5 javelins
 v - 5 boomerangs
Armour
 b - a +0 robe (melded)
 c - a +0 cloak (melded)
Jewellery
 y - a ring of magical power (left branch)
 z - an amulet of magic regeneration (around neck)
Scrolls
 g - 4 scrolls of teleportation
 j - a scroll of torment
 l - a scroll of poison {unknown}
 p - 2 scrolls of fear {unknown}
 q - a scroll of amnesia
 r - a scroll of magic mapping
 w - a scroll of enchant weapon {unknown}
 x - a scroll of blinking {unknown}
 B - a scroll of enchant armour {unknown}
Potions
 h - a potion of degeneration {unknown}
 i - 2 potions of curing {unknown}
 k - 3 potions of mutation {unknown}
 m - a potion of might
 n - 3 potions of lignification
 s - 2 potions of brilliance {unknown}
 t - 3 potions of flight {unknown}
 u - a potion of ambrosia {unknown}
 A - a potion of heal wounds {unknown}


   Skills:
 + Level 2.3 Fighting
 + Level 3.2 Short Blades
 + Level 3.2 Throwing
 + Level 2.0 Dodging
 + Level 2.8 Stealth


You had 5 spell levels left.
You didn't know any spells.
Your spell library contained the following spells:

 Spells                   Type           Power      Damage    Failure   Level
 Freeze                   Ice            0%         1d3       43%         1
 Conjure Flame            Conj/Fire      0%         6-21      80%         3
 Frozen Ramparts          Ice            0%         1d1       80%         3
 Ignite Poison            Fire/Tmut/Pois 0%         N/A       80%         3
 Hailstorm                Conj/Ice       0%         3d3       99%         4
 Sticky Flame             Conj/Fire      0%         2d3       99%         4


Dungeon Overview and Level Annotations

Branches:
Dungeon (5/15)
 Temple: D:4-7

Altars:
Fedhas
Gozag
Okawaru
Wu Jian

Shops:
D:1 :


Innate Abilities, Weirdness & Mutations

You are a tree.
Your roots penetrate the ground, keeping you stationary.
You cannot be teleported.
You are immune to unholy pain and torment.
Your maximum health is greatly increased.
Your equipment is partially melded.
You are too large for most types of armour.
((You have claws for hands.))
Your natural rate of healing is unusually fast.
((You are covered in fur. (AC +1)))
((You have tough skin. (AC +1)))


Message History

You see here 9 gold pieces.
You throw a poisoned dart. The poisoned dart hits the ogre.
The ogre is poisoned.
You throw a poisoned dart.
The poisoned dart barely misses the ogre.
You throw a poisoned dart. The poisoned dart hits the ogre.
The ogre looks even sicker.
The ogre is lightly wounded.
You throw a poisoned dart. The poisoned dart hits the ogre.
The ogre looks even sicker.
The ogre is lightly wounded.
The iguana is distracted by your dazzling golden aura.
The ogre hits you with a +0 giant spiked club!!
The iguana hisses angrily.
You throw a poisoned dart. The poisoned dart hits the ogre.
The ogre looks as sick as possible!
The ogre is moderately wounded.
The ufetubus closely misses you.
The ufetubus hits you but does no damage.
The iguana attacks as you move away! The iguana bites you!
The ufetubus barely misses you. The ufetubus hits you.
The ogre hits you with a +0 giant spiked club!
* * * LOW HITPOINT WARNING * * *
The ufetubus attacks as you move away! The ufetubus barely misses you.
The ufetubus misses you.
Found a club.
The ufetubus barely misses you.
The ufetubus hits you but does no damage.
The ogre attacks as you move away!
The ogre hits you with a +0 giant spiked club!
* * * LOW HITPOINT WARNING * * *
The ufetubus is distracted by your dazzling golden aura.
It was a potion of lignification.
You turn into a tree.
Your +0 cloak melds into your body.
Your +0 robe melds into your body.
Your roots penetrate the ground.
The iguana is no longer distracted by gold.
You hit the ogre.
The ogre is severely wounded.
The ufetubus is no longer distracted by gold.
The ogre hits you with a +0 giant spiked club!!
You die...
Your body crumbles into a pile of gold.

♣♣ ♣♣~~P.# ~~♣♣P~~..#
### ~P~P~P~..##..#
#.~.P.#......##
..~PP...(.....###
#......l.......#
##....(.<........
.....(.>5........
.##.((..O♣..>.... ..#
$ #.............). ...
##.....$.....##....#
#............## ...##
<.............##....#
(###.........).....#
.....).#...........#
#.......##.....#......
#........#...)##..##.#


You could see an ogre (very poisoned), an iguana and an ufetubus.

Vanquished Creatures
  Sigmund (D:3)
  A howler monkey (D:5)
  6 gnolls
  2 adders
  A worm (D:2)
  A dart slug (D:4)
  6 orcs
  6 bats
  7 endoplasms
  2 giant cockroaches
  7 hobgoblins
  4 jackals (D:2)
  4 quokkas
  3 ball pythons
  3 frilled lizards
  3 goblins (D:2)
  4 kobolds
  8 rats
69 creatures vanquished.

Vanquished Creatures (others)
  2 plants (D:5)
2 creatures vanquished.

Grand Total: 71 creatures vanquished

Notes
Turn   | Place    | Note
-------+----------+-------------------------------------------
     0 | D:1      | xian the Troll Brigand began the quest for the Orb.
     0 | D:1      | Reached XP level 1. HP: 19/19 MP: 0/0
    18 | D:1      | Found a faded altar of an unknown god.
   218 | D:1      | Found Wegrasha's Vocational Training.
   234 | D:1      | Reached XP level 2. HP: 28/28 MP: 1/1
   613 | D:1      | Prayed at the altar of an unknown god.
   613 | D:1      | Became a worshipper of Gozag Ym Sagoz the Greedy
  1051 | D:2      | Reached XP level 3. HP: 35/35 MP: 2/2
  1317 | D:2      | Reached skill level 1 in Dodging
  1564 | D:3      | Noticed Sigmund
  1579 | D:3      | Killed Sigmund
  1580 | D:3      | Reached XP level 4. HP: 20/42 MP: 3/3
  1580 | D:3      | Reached XP level 5. HP: 23/49 MP: 4/4
  1695 | D:3      | Found an ornate altar of the Wu Jian Council.
  2192 | D:3      | Found an iron altar of Okawaru.
  2246 | D:3      | Found an opulent altar of Gozag.
  2505 | D:4      | Found a blossoming altar of Fedhas.
  3014 | D:4      | Reached XP level 6. HP: 57/57 MP: 5/5
  3262 | D:5      | Entered Level 5 of the Dungeon
  3392 | D:5      | Demolished by an ogre

Illustrated notes

Levels and vault maps discovered:
D:1:      elethiomel_arrival_shortcut, layout_basic,
          chequers_ecumenical_altar_simple_redux, nicolae_shop_vocational
D:2:      layout_loops_ring, minmay_pentomino_x2
D:3:      layout_basic, nicolae_wu_jian_immortal_techniques, okawaru_gym_becter,
          grunt_gozag_statues, uniq_sigmund
D:4:      layout_basic, fedhas_altar_1, supply_closet_lemuel
D:5:      layout_cave_pools, mainiacjoe_overflow_swirl, serial_bayou_pond_c

Skill      XL: |  1  2  3  4  5  6 |
---------------+-------------------+-----
Short Blades   | 2 3 |  3.2
Throwing       | 2 3 |  3.2
Dodging        | 1 2 |  2.0
Fighting       | 2 |  2.3
Stealth        | |  2.8

Action                   |  1- 3 |  4- 6 || total
-------------------------+-------+-------++-------
Melee: Dagger            |    97 |   135 ||   232
       Punch             |     1 |     1 ||     2
Throw: Stone             |    32 |    40 ||    72
       Dart              |    13 |    28 ||    41
  Use: Scroll            |     2 |     2 ||     4
       Potion            |       |     1 ||     1
 Stab: Sleeping          |     2 |     2 ||     4
       Distracted        |     1 |       ||     1
Armor: Robe              |    41 |    30 ||    71
Dodge: Dodged            |    42 |    61 ||   103
